 Dungeon Crawl Stone Soup version 0.25.1-2-g60ff931df9 (webtiles) character file.

Game seed: 1925525408829927313

2709 Erymatos the Basher (level 9, 0/82 HPs)
             Began as a Minotaur Berserker on Oct 31, 2020.
             Was a Priest of Trog.
             Killed from afar by an orc wizard (4 damage)
             ... with a magic dart
             ... on level 7 of the Dungeon.
             The game lasted 00:14:30 (7347 turns).

Erymatos the Basher (Minotaur Berserker)            Turns: 7347, Time: 00:14:31

Health: 0/82       AC:  5    Str: 24    XL:     9   Next: 39%
Magic:  8/8        EV: 14    Int:  0    God:    Trog [***...]
Gold:   329        SH:  0    Dex: 11    Spells: 8/8 levels left

rFire    . . .     SeeInvis .   a - +0 mace
rCold    . . .     Gourm    .   (no shield)
rNeg     . . .     Faith    .   k - +0 leather armour (curse)
rPois    .         Spirit   .   (helmet restricted)
rElec    .         Reflect  .   J - scarf {repulsion}
rCorr    .         Harm     .   (no gloves)
MR       .....     Rnd*Tele +   y - +0 pair of boots
Stlth    +.........             g - amulet of the acrobat
HPRegen  0.23/turn              C - -4 ring of intelligence (curse)
MPRegen  0.11/turn              w - ring of teleportation (curse)

@: berserk cooldown, slowed, lost intelligence, repel missiles, very slow
A: retaliatory headbutt, horns 2
a: Berserk, Trog's Hand, Renounce Religion


You were on level 7 of the Dungeon.
You worshipped Trog.
Trog was most pleased with you.
You were hungry.

You visited 1 branch of the dungeon, and saw 7 of its levels.

You collected 329 gold pieces.

Inventory:

Hand Weapons
 a - a +0 mace (weapon)
Armour
 k - a cursed +0 leather armour (worn)
 q - a +0 scale mail
 y - a +0 pair of boots (worn)
 J - a scarf of repulsion (worn)
Jewellery
 e - an uncursed ring of ice
 g - an amulet of the acrobat (around neck)
 r - an uncursed ring of protection from magic
 s - an uncursed ring of ice
 w - a cursed ring of teleportation (right hand)
 C - a cursed -4 ring of intelligence (left hand)
 E - an uncursed ring of positive energy {unknown}
 H - an uncursed ring of ice
Scrolls
 f - 4 scrolls of teleportation {unknown}
 h - 2 scrolls of enchant weapon {unknown}
 m - 2 scrolls of fog {unknown}
 n - a scroll of amnesia {unknown}
 o - a scroll of blinking {unknown}
 p - a scroll of identify
 t - 2 scrolls of magic mapping {unknown}
 z - 2 scrolls of fear {unknown}
 D - 2 scrolls of enchant armour {unknown}
 G - a scroll of brand weapon {unknown}
Potions
 b - 2 potions of mutation
 d - a potion of berserk rage
 i - 2 potions of lignification
 j - 2 potions of stabbing
 l - 3 potions of degeneration
 u - a potion of heal wounds {unknown}
 v - 2 potions of cancellation
 x - a potion of invisibility {unknown}
 A - a potion of magic
 B - a potion of ambrosia
 F - a potion of flight {unknown}
Comestibles
 c - 15 rations
 I - 7 chunks of flesh


   Skills:
 + Level 8.4 Fighting
 + Level 10.5 Maces & Flails
 + Level 6.5 Armour
 + Level 6.5 Dodging


You had 8 spell levels left.
You didn't know any spells.
Your spell library was empty.

Dungeon Overview and Level Annotations

Branches:
Dungeon (7/15)             Temple (0/1) D:6

Altars:
Gozag
Hepliaklqana
Kikubaaqudgha
Makhleb
Okawaru
Uskayaw
Yredelemnul

Shops:
D:4 =   D:6 =

Portals:
Bailey: D:7


Innate Abilities, Weirdness & Mutations

You reflexively headbutt those who attack you in melee.
You have a pair of horns on your head.


Message History

You headbutt the orc wizard.
Unknown command.
You closely miss the orc wizard. Your headbutt misses the orc wizard.
The orc wizard is severely wounded.
The orc wizard casts a spell at you.
The puff of frost is repelled.
The orc wizard gestures wildly while chanting.
The orc wizard seems to speed up.
You miss the orc wizard.
The orc wizard is severely wounded.
The orc wizard casts a spell at you.
The puff of flame is repelled.
The orc wizard gestures at you while chanting.
The magic dart hits you.
* * * LOW HITPOINT WARNING * * *
You closely miss the orc wizard.
The orc wizard is severely wounded.
The orc wizard points at you and mumbles some strange words.
The magic dart hits you.
You die...

#.......### ....
#....._.....##..#.##
###.......#........
##.....##.###.#.#
##...##..###.#.#
##.##..)......#
#.......)..#.####
######..o........
#.##@##..## #.##.#
.# #.##.# . # #.##..
# #. #.# ## .. ...
.# ... .### #.. ....


You could see an orc wizard (fast).

Vanquished Creatures
  A two-headed ogre (D:6)
  Duvessa (D:7)
  A water moccasin (D:5)
  An orc warrior (D:6)
  A phantom (D:6)
  An ogre (D:6)
  A centaur (D:5)
  2 bullfrogs
  Dowan (D:7)
  A water moccasin zombie (D:5)
  A scorpion (D:4)
  8 killer bees
  3 howler monkeys
  3 crimson imps
  3 hounds
  A quasit (D:6)
  3 orc priests (D:4)
  A bullfrog skeleton (D:5)
  Jessica (D:2)
  An iguana (D:6)
  An orc wizard (D:4)
  4 worker ants
  A hound skeleton (D:5)
  5 adders
  6 gnolls (D:3)
  A shadow imp (D:6)
  2 oozes
  2 worms
  5 leopard geckos
  24 orcs
  6 giant cockroaches
  6 goblins
  7 hobgoblins
  6 jackals
  2 quokkas
  A ball python (D:1)
  16 bats
  2 frilled lizards
  2 jackal skeletons
  4 kobolds (D:1)
  A leopard gecko zombie (D:6)
  A quokka zombie (D:7)
  3 rats
144 creatures vanquished.

Notes
Turn   | Place    | Note
-------+----------+-------------------------------------------
     0 | D:1      | Erymatos the Minotaur Berserker began the quest for the
                  | Orb.
     0 | D:1      | Reached XP level 1. HP: 19/19 MP: 0/0
   300 | D:1      | Reached skill level 4 in Maces & Flails
   300 | D:1      | Reached XP level 2. HP: 7/27 MP: 1/1
   938 | D:1      | Reached XP level 3. HP: 30/33 MP: 2/2
  1217 | D:1      | Reached ** piety under Trog
  1440 | D:2      | Noticed Jessica
  1444 | D:2      | Killed Jessica
  1466 | D:2      | Reached XP level 4. HP: 36/41 MP: 3/3
  1583 | D:2      | Reached skill level 5 in Maces & Flails
  2401 | D:3      | Reached XP level 5. HP: 28/47 MP: 4/4
  2572 | D:3      | Reached skill level 5 in Fighting
  3021 | D:4      | Reached skill level 6 in Maces & Flails
  3049 | D:4      | Reached XP level 6. HP: 18/56 MP: 5/5
  3853 | D:4      | Found Axzaq's Jewellery Boutique.
  4026 | D:4      | Found a basalt altar of Yredelemnul.
  4032 | D:4      | Reached skill level 7 in Maces & Flails
  4135 | D:4      | Reached XP level 7. HP: 62/62 MP: 6/6
  4366 | D:5      | Entered Level 5 of the Dungeon
  4862 | D:5      | Reached skill level 8 in Maces & Flails
  4866 | D:5      | Reached XP level 8. HP: 29/71 MP: 7/7
  4869 | D:5      | Reached *** piety under Trog
  5264 | D:5      | Found an iron altar of Okawaru.
  5334 | D:5      | Found a hazy altar of Hepliaklqana.
  5583 | D:5      | Lost intelligence.
  5649 | D:6      | Found Zuxzix's Jewellery Boutique.
  5729 | D:6      | Found a staircase to the Ecumenical Temple.
  5798 | D:6      | Reached skill level 5 in Armour
  5798 | D:6      | Reached skill level 5 in Dodging
  6002 | D:6      | Reached skill level 9 in Maces & Flails
  6302 | D:6      | Found a burning altar of Makhleb.
  6479 | D:6      | Noticed a two-headed ogre
  6486 | D:6      | Killed a two-headed ogre
  6486 | D:6      | Reached skill level 10 in Maces & Flails
  6486 | D:6      | Reached XP level 9. HP: 49/81 MP: 8/8
  7147 | D:7      | Found a hide-covered altar of Uskayaw.
  7225 | D:7      | Found a flagged portal.
  7248 | D:7      | Found an opulent altar of Gozag.
  7309 | D:7      | Found an ancient bone altar of Kikubaaqudgha.
  7318 | D:7      | Noticed Dowan
  7319 | D:7      | Noticed Duvessa
  7330 | D:7      | Killed Duvessa
  7334 | D:7      | Killed Dowan
  7346 | D:7      | HP: 3/82 [orc wizard/magic dart (4)]
  7347 | D:7      | Killed from afar by an orc wizard

Illustrated notes

Levels and vault maps discovered:
D:1:      dpeg_arrival_chambers_temple_mockup, layout_loops_cross
D:2:      layout_loops_cross, first_ration, uniq_jessica
D:3:      layout_loops_ring, nicolae_overflow_hidden_temple
D:4:      layout_loops_corners, yredelemnul_altar_generic, serial_shops,
          kennysheep_little_box
D:5:      layout_gridville, overflow_temple_1_default, kennysheep_mini_moat
D:6:      layout_basic, bloody_makhleb, minmay_temple_entry_waves, serial_shops,
          shop, kennysheep_generic_room_8
D:7:      layout_loops_corners, eat_drink_and_be_merry_uskayaw,
          grunt_temple_overflow_open, lemuel_round_altar, basic_altar,
          enter_bailey_3, uniq_duvessa

Skill      XL: |  1  2  3  4  5  6  7  8 |
---------------+-------------------------+-----
Maces & Flails | 4 5 6 7 8 10 | 10.5
Fighting       | 4 5 6 8 |  8.4
Dodging        | 3 4 6 |  6.5
Armour         | 3 4 6 |  6.5

Action                   |  1- 3 |  4- 6 |  7- 9 || total
-------------------------+-------+-------+-------++-------
Melee: Mace              |    52 |   103 |   188 ||   343
       Headbutt          |     4 |    22 |    27 ||    53
Invok: Berserk           |       |     1 |     5 ||     6
  Use: Scroll            |       |       |     7 ||     7
       Potion            |       |       |     2 ||     2
 Stab: Distracted        |       |     1 |       ||     1
  Eat: Chunk             |     2 |     9 |    13 ||    24
       Ration            |       |       |     1 ||     1
Armor: Animal skin       |    14 |       |       ||    14
       Leather armour    |     2 |    18 |    63 ||    83
Dodge: Dodged            |    45 |    81 |   198 ||   324
       Repelled          |       |       |     3 ||     3
